 Dungeon Crawl Stone Soup version 0.28.0 (webtiles) character file.

Game seed: 16021944878034067640

217 Descartes the Ducker (level 6, -5/46 HPs)
             Began as a Djinni Warper on Feb 7, 2022.
             Was an Initiate of Makhleb.
             Slain by a scorpion (6 damage)
             ... on level 4 of the Dungeon.
             The game lasted 00:07:40 (5269 turns).

Descartes the Ducker (Djinni Warper)                Turns: 5269, Time: 00:07:41

Health: -5/46      AC:  7    Str: 12    XL:     6   Next: 16%
Gold:   126        EV: 11    Int: 15    God:    Makhleb [......] SH:  0 Dex: 12

rFire   + . .      SeeInvis .   a - +0 falchion
rCold   . . .      Faith    .   (no shield)
rNeg    . . .      Spirit   .   f - +0 ring mail
rPois   ∞          Reflect  .   s - +0 helmet
rElec   .          Harm     .   (no cloak)
rCorr   .          Rampage  .   g - +0 pair of gloves
Will    .....                   (boots unavailable)
Stlth   +.........              (no amulet)
HPRegen 0.15/turn               k - ring of ice
MPRegen 0.00/turn               (no ring)

@: flying, very slightly contaminated
A: sickness immunity, fire resistance 2, cold vulnerability 1, float, innate
caster, HP casting, extra vitality 1
a: Renounce Religion


You were on level 4 of the Dungeon.
You worshipped Makhleb.
Makhleb was noncommittal.
You visited 2 branches of the dungeon, and saw 5 of its levels.

You collected 126 gold pieces.

Inventory:

Hand Weapons
 a - a +0 falchion (weapon)
 l - a +0 fustibalus
Missiles
 b - 38 stones
 d - 5 boomerangs of dispersal (quivered)
 m - 5 poisoned darts
 t - 2 boomerangs
Armour
 f - a +0 ring mail (worn)
 g - a +0 pair of gloves (worn)
 s - a +0 helmet (worn)
Jewellery
 k - a ring of ice (left hand)
Wands
 y - a wand of polymorph (5)
Scrolls
 c - a scroll of blinking
 e - 2 scrolls of fear {unknown}
 h - 6 scrolls of enchant weapon {unknown}
 j - 2 scrolls of teleportation {unknown}
 p - 3 scrolls of identify {unknown}
 q - a scroll of vulnerability {unknown}
Potions
 i - a potion of invisibility {unknown}
 n - 3 potions of curing {unknown}
 o - a potion of resistance {unknown}
 r - a potion of magic {unknown}
 u - a potion of berserk rage {unknown}
 v - a potion of brilliance {unknown}
 w - a potion of flight {unknown}
 x - a potion of heal wounds {unknown}


   Skills:
 + Level 3.1 Fighting
 + Level 2.8 Long Blades
 - Level 0.7 Throwing
 + Level 2.5 Armour
 + Level 3.4 Dodging
 + Level 3.0 Spellcasting


You couldn't memorise any spells.
You knew the following spells:

 Your Spells              Type           Power      Damage    Failure   Level
a - Blink                 Tloc           22%        N/A       19%         2
b - Lesser Beckoning      Tloc           11%        N/A       36%         3
c - Gell's Gravitas       Tloc           11%        N/A       36%         3
d - Teleport Other        Tloc           11%        N/A       36%         3
e - Manifold Assault      Tloc           11%        N/A       98%         5
f - Summon Small Mammal   Summ           44%        N/A       12%         1
g - Corpse Rot            Necr/Air       22%        N/A       19%         2
Your spell library was empty.

Dungeon Overview and Level Annotations

Branches:
Dungeon (4/15)             Temple (1/1) D:4

Altars:
Dithmenos
Fedhas
Gozag
Makhleb
Nemelex Xobeh
Qazlal
Ru
Sif Muna
Trog
Uskayaw
Wu Jian
Yredelemnul

Shops:
D:3 =


Innate Abilities, Weirdness & Mutations

You are immune to sickness and miasma.
You are immune to poison.
Your flesh is very heat resistant. (rF++)
You are vulnerable to cold. (rC-)
You float through the air rather than walking.
You learn spells naturally, not from books.
Your magical power is your life essence.
You have superior vitality. (+4 MHP)


Message History

You are too injured to fight recklessly!
You are too injured to fight recklessly!
You are too injured to fight recklessly!
You are too injured to fight recklessly!
You are too injured to fight recklessly!
You closely miss the scorpion.
The scorpion is moderately wounded.
The scorpion stings you. The scorpion closely misses you.
You closely miss the scorpion.
The scorpion is moderately wounded.
The scorpion stings you.
You hit the scorpion.
The scorpion is heavily wounded.
The scorpion closely misses you.
You closely miss the scorpion.
The scorpion is heavily wounded.
The scorpion stings you but does no damage.
The scorpion stings you.
* * * LOW HITPOINT WARNING * * *
The scorpion stings you.
* * * LOW HITPOINT WARNING * * *
The scorpion stings you.
* * * LOW HITPOINT WARNING * * *
The scorpion stings you but does no damage.
Casting: Blink (safe; 19% risk of failure)
Confirm with . or Enter, or press ? or * to list all spells.
You miscast Blink.
You are very lightly contaminated with residual magic.
Nothing appears to happen.
* * * LOW HITPOINT WARNING * * *
The scorpion completely misses you. The scorpion stings you.
* * * LOW HITPOINT WARNING * * *
You barely miss the scorpion.
The scorpion is heavily wounded.
The scorpion stings you.
* * * LOW HITPOINT WARNING * * *
You hit the scorpion.
The scorpion is severely wounded.
The scorpion stings you.
You die...

.....## #.# ....##S≈≈
#.# ...##≈≈≈##...# #.#
..## ≈≈##....# #.# .##≈
≈##.....# #.#
##≈≈≈##../...# #.# ≈≈
##.......# #.#
#........#############.#
.........#ss@..........#
#''#.#############
#....# ######


You could see 2 scorpions.

Vanquished Creatures
  A jelly (D:4)
  A hound zombie (D:3)
  8 adders
  An ufetubus (D:3)
  A worm (D:2)
  A dart slug (D:3)
  4 orcs
  6 ball pythons
  5 bats
  5 endoplasms
  2 giant cockroaches
  7 goblins
  7 hobgoblins
  3 jackals
  11 kobolds
  5 quokkas
  15 frilled lizards
  6 rats
89 creatures vanquished.

Notes
Turn   | Place    | Note
-------+----------+-------------------------------------------
     0 | D:1      | Descartes the Djinni Warper began the quest for the Orb.
     0 | D:1      | Reached XP level 1. HP: 18/18 MP: 0/0
   277 | D:1      | Reached XP level 2. HP: 21/23 MP: 0/0
  1003 | D:2      | Reached XP level 3. HP: 28/28 MP: 0/0
  1003 | D:2      | Learned a level 1 spell: Summon Small Mammal
  2008 | D:2      | Found a faded altar of an unknown god.
  2008 | D:2      | Noticed an orange demon
  2062 | D:2      | Prayed at the altar of an unknown god.
  2062 | D:2      | Became a worshipper of Uskayaw the Reveller
  2062 | D:2      | Reached * piety under Uskayaw
  2085 | D:2      | Reached ** piety under Uskayaw
  2087 | D:2      | Reached XP level 4. HP: 33/34 MP: 0/0
  2608 | D:3      | Found a stormy altar of Qazlal.
  2657 | D:3      | Found Tounuribb's Jewellery Emporium.
  2772 | D:3      | Reached XP level 5. HP: 28/39 MP: 0/0
  2772 | D:3      | Learned a level 2 spell: Corpse Rot
  3728 | D:4      | Noticed an ogre
  4271 | D:4      | Noticed an ogre
  4272 | D:4      | Found a staircase to the Ecumenical Temple.
  4656 | Temple   | Entered the Ecumenical Temple
  4725 | Temple   | Fell from the grace of Uskayaw
  4725 | Temple   | Became a worshipper of Makhleb the Destroyer
  4958 | D:4      | Reached XP level 6. HP: 21/46 MP: 0/0
  5268 | D:4      | HP: 1/46 [scorpion (4)]
  5269 | D:4      | Slain by a scorpion

Illustrated notes

Levels and vault maps discovered:
D:1:      psy_arrival_heroes, layout_loops_cross, hex_medium
D:2:      minmay_wonky_spiral, layout_basic,
          dreamdust_ecumenical_altar_sealed_demon, grunt_ministairs_13,
          minmay_lizard_pond
D:3:      wad_river_or_something, layout_basic,
          nicolae_qazlal_scattered_showers, serial_shops, shop,
          chequers_serial_rivers_large_a, chequers_decorated_corner,
          st_stairs_6, kennysheep_generic_room_14
D:4:      layout_loops_ring, minmay_temple_entry_stoned_glass,
          kennysheep_opposing_triangles
Temple:   cyrus_temple_forest

Skill      XL: |  1  2  3  4  5 |
---------------+----------------+-----
Long Blades    | 2 |  2.8
Armour         | 2 |  2.5
Dodging        | 3 |  3.4
Fighting       | 3 |  3.1
Spellcasting   | 3 |  3.0
Throwing       | |  0.7

Action                   |  1- 3 |  4- 6 || total
-------------------------+-------+-------++-------
Melee: Falchion          |   121 |   238 ||   359
       Punch             |     2 |     6 ||     8
 Cast: Blink             |       |     2 ||     2
 Stab: Sleeping          |     1 |       ||     1
Armor: Leather armour    |     5 |       ||     5
       Ring mail         |    50 |   124 ||   174
Dodge: Dodged            |   103 |   172 ||   275
